[Event "*** Titled Tuesday Blitz"]
[Site "Chess.com"]
[Date "2021.03.16"]
[Round "5"]
[White "Beltraxtor"]
[Black "NTBT_DHS"]
[Result "0-1"]
[WhiteElo "2604"]
[BlackElo "2794"]
[TimeControl "180+1"]
[EndTime "10:54:03 PDT"]
[Termination "NTBT_DHS won by resignation"]

1. d4 Nf6 2. Bf4 g6 3. e3 Bg7 4. Nf3 O-O 5. Be2 d6 6. c3 c5 7. dxc5 dxc5 8. Nbd2 Nc6 9. h3 b6 10. O-O Bb7 11. Qa4 Qd7 12. Ba6 Bxa6 13. Qxa6 e5 14.
Bg5 e4 15. Bxf6 exf3 16. Bxg7 fxg2 17. Kxg2 Kxg7 18. Nf3 Rad8 19. Rad1 Qe6 20. Qb7 Qe4 21. Qc7 Rfe8 22. Qg3 Rxd1 23. Rxd1 Re6 24. Kg1 Rf6 25. Ng5 Qc2 26. Rd7 h6 27. Nf3 Qb1+ 28.
Kg2 Qe4 29. h4 Rxf3 30. Qxf3 Qxf3+ 31. Kxf3 Ne5+ 32. Ke4 Nxd7 33. Kd5 Nf6+ 34. Kc6 g5 35. hxg5 hxg5 36. Kb7 Ne4 37. f3 Nd2 38. f4 g4 0-1

[Event "*** Titled Tuesday Blitz"]
[Site "Chess.com"]
[Date "2021.03.16"]
[Round "5"]
[White "PushingpawnsNYC"]
[Black "chessmadara"]
[Result "0-1"]
[WhiteElo "2287"]
[BlackElo "2167"]
[TimeControl "180+1"]
[EndTime "10:54:05 PDT"]
[Termination "chessmadara won on time"]

1. e4 c5 2. Nc3 d6 3. Bc4 g6 4. Qf3 e6 5. d3 Bg7 6. h4 Nc6 7. Bb5 Bd7 8. Bxc6 Bxc6 9. h5 Ne7 10.
h6 Be5 11. Bg5 f5 12. O-O-O O-O 13. Qe2 b5 14. f4 Bf6 15. Nf3 b4 16. Nb1 a5 17.
Bxf6 Rxf6 18. e5 Rf8 19. exd6 Qxd6 20. Ng5 Bd5 21. g3 Bxa2 22. Rhe1 Nc6 23. c3 Bxb1 24. Kxb1 bxc3 25. Qxe6+ Qxe6 26. Nxe6 Nd4 27. Nxf8 c2+ 28. Kc1 cxd1=Q+ 29. Rxd1 Kxf8 0-1

[Event "*** Titled Tuesday Blitz"]
[Site "Chess.com"]
[Date "2021.03.16"]
[Round "5"]
[White "MustafayevFarid2004"]
[Black "Gahan-MG"]
[Result "0-1"]
[WhiteElo "2465"]
[BlackElo "2670"]
[TimeControl "180+1"]
[EndTime "10:54:06 PDT"]
[Termination "Gahan-MG won on time"]

1. d4 Nf6 2. c4 e5 3. dxe5 Ng4 4. Bf4 g5 5. Bg3 Bg7 6. Nf3 Nc6 7. Nbd2 Ngxe5 8. Nxe5 Nxe5 9. Qc2 d6 10. e3 h5 11. h4 g4 12. O-O-O Qe7 13. Bd3 Be6 14. Bf5 O-O-O 15. Rhe1 Kb8 16. Be4 Rhf8 17. Bd5 Ng6 18. Qb3 Bxd5 19. cxd5 Nxh4 20. Nc4 Ka8 21. Na5 Rb8 22.
Qc4 Nf5 23. Rd3 Rfc8 24. Rb3 Nxg3 25. fxg3 Qd7 26. e4 c5 27. dxc6 bxc6 28. Rxb8+ Rxb8 29. Re2 Rb5 30. Nb3 Kb7 31. Rf2 f5 32. exf5 Rxf5 33.
Rxf5 Qxf5 34. Qb4+ Kc7 35. Na5 Qf1+ 36. Kc2 Qxg2+ 37.
Kc1 Qg1+ 38. Kd2 Qf2+ 39. Kd1 Qxb2 0-1

[Event "*** Titled Tuesday Blitz"]
[Site "Chess.com"]
[Date "2021.03.16"]
[Round "5"]
[White "juli2512"]
[Black "Cptn2"]
[Result "1-0"]
[WhiteElo "2219"]
[BlackElo "2475"]
[TimeControl "180+1"]
[EndTime "10:54:06 PDT"]
[Termination "juli2512 won by resignation"]

1. e4 c5 2. d3 Nc6 3. Nc3 g6 4. g3 Bg7 5. Bg2 e6 6. f4 Nge7 7. Nf3 d5 8. O-O O-O 9. e5 f6 10. exf6 Bxf6 11. Re1 Nf5 12. Bd2 Qb6 13. Rb1 c4+ 14.
Kh1 cxd3 15. cxd3 Qa6 16. Bc1 Bd7 17. g4 Nh4 18. Nxh4 Bxh4 19. Rf1 Nb4 20. d4 Nxa2 21. Qb3 Nxc3 22. bxc3 b6 23. f5 Qd3 24. Bh6 gxf5 25. Bxf8 Rxf8 26. gxf5 Rxf5 27. Rxf5 Qxf5 28. Rf1 Qh5 29.
Qa3 Qe8 30. Qxa7 b5 31. Qc7 Be7 32. Qg3+ Kh8 33. Qe5+ Kg8 34. Bh3 Bf8 35. Rg1+ Kf7 36. Bg4 Ke7 37. Bh5 Qc8 38. Rf1 Kd8 39. Rxf8+ 1-0

[Event "*** Titled Tuesday Blitz"]
[Site "Chess.com"]
[Date "2021.03.16"]
[Round "5"]
[White "ChessQueen"]
[Black "Djager97"]
[Result "1-0"]
[WhiteElo "2710"]
[BlackElo "2480"]
[TimeControl "180+1"]
[EndTime "10:54:07 PDT"]
[Termination "ChessQueen won by resignation"]

1. e4 e5 2. d4 exd4 3. c3 d5 4.
Qxd4 dxe4 5. Qxe4+ Be7 6. Nf3 Nf6 7. Qa4+ Bd7 8. Bb5 c6 9. Be2 O-O 10. O-O c5 11. Qb3 Bc6 12. Ne5 Qc7 13. Nxc6 Nxc6 14.
Na3 a6 15. Be3 b5 16. Qc2 Nd5 17. Bf3 Nxe3 18. fxe3 Rad8 19. Qf2 Ne5 20. Be4 g6 21. Qf4 f5 22. Bc2 Rd2 23. Rad1 Rfd8 24. Rxd2 Rxd2 25.
e4 Qd6 26. exf5 b4 27. Nc4 Nxc4 28. Qxc4+ Kg7 29. Bb3 Bf6 30. fxg6 1-0

[Event "*** Titled Tuesday Blitz"]
[Site "Chess.com"]
[Date "2021.03.16"]
[Round "5"]
[White "olksuna"]
[Black "WiktoriaPOL"]
[Result "1-0"]
[WhiteElo "2659"]
[BlackElo "2121"]
[TimeControl "180+1"]
[EndTime "10:54:07 PDT"]
[Termination "olksuna won by checkmate"]

1. e4 c5 2. Nf3 d6 3. d4 cxd4 4. Nxd4 Nf6 5. Nc3 a6 6. Be2 e5 7. Nf3 Be7 8. Bg5 O-O 9. Bxf6 Bxf6 10. O-O b5 11. a4 b4 12. Nd5 a5 13. Bb5 Bb7 14.
Qd2 Ba6 15. Rfd1 Bxb5 16. axb5 Ra7 17. Nxf6+ gxf6 18. Qxd6 Rd7 19. Qxd7 Nxd7 20. Nh4 Qc7 21. Nf5 Nc5 22. f3 Qb6 23. Rd6 Qxb5 24. Rd5 Qb6 25. Kh1 Rd8 26. Rad1 Rxd5 27. exd5 Nd7 28. d6 Qf2 29. h3 Qxc2 30. Ne7+ Kf8 31. Rd5 Qxb2 32. Rxa5 Qc1+ 33. Kh2 Qf4+ 34. Kh1 Kg7 35. Rb5 Qc4 36.
Rb7 Nc5 37. Rb8 b3 38. Rg8+ Kh6 39. Nf5+ Kh5 40. g4+ Qxg4 41. hxg4# 1-0

[Event "*** Titled Tuesday Blitz"]
[Site "Chess.com"]
[Date "2021.03.16"]
[Round "5"]
[White "InitiatingASC"]
[Black "nurgyulsalimova"]
[Result "0-1"]
[WhiteElo "2446"]
[BlackElo "2629"]
[TimeControl "180+1"]
[EndTime "10:54:09 PDT"]
[Termination "nurgyulsalimova won on time"]

1. d4 Nf6 2. c4 g6 3. Nc3 d5 4. Nf3 Bg7 5. g3 O-O 6. Bg2 dxc4 7. O-O Nc6 8. e4 Rb8 9. d5 Na5 10. e5 Nd7 11. Bf4 Nc5 12. d6 cxd6 13. exd6 e5 14.
Nxe5 Be6 15. Nd5 Kh8 16. Qd2 Nc6 17. Nxc6 bxc6 18. Ne7 Rxb2 19. Qe3 Nd3 20. Nxc6 Qb6 21. Rad1 Bd7 22. Qxb6 axb6 23. Bd5 b5 24. Nd4 Bxd4 0-1

[Event "*** Titled Tuesday Blitz"]
[Site "Chess.com"]
[Date "2021.03.16"]
[Round "5"]
[White "Sychev_Klementy"]
[Black "Alexander_Moskalenko"]
[Result "0-1"]
[WhiteElo "2873"]
[BlackElo "2777"]
[TimeControl "180+1"]
[EndTime "10:54:10 PDT"]
[Termination "Alexander_Moskalenko won on time"]

1. e4 e6 2. d4 d5 3. Nc3 Nf6 4.
e5 Nfd7 5. f4 c5 6. Nf3 Nc6 7.
Be3 Qb6 8. Na4 Qc7 9. Nxc5 Nxd4 10. Nxd4 Nxc5 11. Be2 Bd7 12. O-O Be7 13. Rc1 O-O 14. c4 dxc4 15. Rxc4 b5 16. Rc2 b4 17. Nb3 Ba4 18.
Nxc5 Bxc5 19. Bxc5 Rfd8 20. b3 Rxd1 21. Rxd1 Be8 22.
Rdd2 Rc8 23. Ba6 Qxc5+ 24. Rxc5 Rxc5 25. Rd8 Kf8 26. Ra8 Ra5 27. Bc4 Ke7 28. Rb8 Bc6 29. Bf1 Rxa2 30. Rxb4 Rb2 31. g3 a5 32. Rb6 Bd5 33.
Ra6 Ra2 34. Bc4 Be4 35. Ra7+ Kf8 36. Bb5 g6 0-1

[Event "*** Titled Tuesday Blitz"]
[Site "Chess.com"]
[Date "2021.03.16"]
[Round "5"]
[White "ShahMatKanal"]
[Black "Srisshhhtea"]
[Result "1-0"]
[WhiteElo "2471"]
[BlackElo "2291"]
[TimeControl "180+1"]
[EndTime "10:54:11 PDT"]
[Termination "ShahMatKanal won by resignation"]

1. e4 c5 2. Nf3 d6 3. b4 cxb4 4. a3 Nf6 5. d3 bxa3 6. Nxa3 g6 7. Be2 Bg7 8. Bb2 O-O 9. O-O Nc6 10. Nc4 b5 11.
Ne3 Bb7 12. Qb1 a5 13. Bxf6 Bxf6 14. Qxb5 Bxa1 15. Qxb7 Nd4 16. Rxa1 Nxe2+ 17. Kf1 Nf4 18.
g3 Ne6 19. Nd5 Re8 20. h4 a4 21. h5 a3 22. h6 f6 23. Qb3 Qb8 24. Nb6 Kf7 25. Nd4 d5 26. Nxe6 Ra6 27. Qxd5 Kg8 28. Nc7+ e6 29. Qd7 Re7 30. Qxe7 Qf8 31. Qxf8+ Kxf8 32. Nxa6 a2 33. Rxa2 1-0

[Event "*** Titled Tuesday Blitz"]
[Site "Chess.com"]
[Date "2021.03.16"]
[Round "5"]
[White "dretch"]
[Black "I_Enchev"]
[Result "0-1"]
[WhiteElo "2826"]
[BlackElo "2560"]
[TimeControl "180+1"]
[EndTime "10:54:12 PDT"]
[Termination "I_Enchev won on time"]

1. d4 Nf6 2. c4 e6 3. Nc3 Bb4 4. Qc2 O-O 5. e4 d5 6. e5 Ne4 7.
Bd3 Bxc3+ 8. bxc3 c5 9. Ne2 cxd4 10. f3 dxc4 11. Bxe4 d3 12. Qb1 dxe2 13. Bxh7+ Kh8 14. Bc2 Qa5 15. Kf2 Nc6 16. Re1 Nxe5 17. Rxe2 Rd8 18.
Kg1 Nd3 19. Bd2 b6 20. Re4 Bb7 21. Rxc4 Ba6 22. Rh4+ Kg8 23. Bxd3 Rxd3 24. Qe1 Rad8 25. Rd4 Qc5 26. Be3 Qc7 27. Rc1 e5 28. Rg4 f5 29.
Rg5 Qd7 30. Bf2 Qe6 31. h4 R8d5 32. c4 Bxc4 0-1

[Event "*** Titled Tuesday Blitz"]
[Site "Chess.com"]
[Date "2021.03.16"]
[Round "5"]
[White "MatyChess1"]
[Black "ErikRonka"]
[Result "1-0"]
[WhiteElo "2612"]
[BlackElo "2431"]
[TimeControl "180+1"]
[EndTime "10:54:12 PDT"]
[Termination "MatyChess1 won by resignation"]

1. e4 c6 2. Nf3 d5 3. Nc3 dxe4 4.
Nxe4 Nd7 5. Bc4 Ngf6 6. Qe2 Nxe4 7. Qxe4 Nf6 8. Ne5 e6 9. Qe2 b5 10. Bd3 Qc7 11. b3 Be7 12. Bb2 O-O 13. O-O Bb7 14. f4 a6 15. a4 Rad8 16. Rf3 Bc5+ 17. Kh1 Bd4 18. c3 Bb6 19. Rh3 g6 20. b4 Nd5 21.
Rf1 Ba7 22. c4 Nf6 23. c5 h5 24. a5 Bb8 25. Bc2 Nd7 26. Ng4 Kh7 27. Rxh5+ 1-0

[Event "*** Titled Tuesday Blitz"]
[Site "Chess.com"]
[Date "2021.03.16"]
[Round "5"]
[White "canary2016"]
[Black "chess4life23"]
[Result "0-1"]
[WhiteElo "2010"]
[BlackElo "2280"]
[TimeControl "180+1"]
[EndTime "10:54:12 PDT"]
[Termination "chess4life23 won by checkmate"]

1. d4 Nf6 2. c4 g6 3. Nf3 Bg7 4. g3 O-O 5. Bg2 d5 6. O-O dxc4 7. Qc2 Be6 8. Rd1 a6 9. Ne5 Nbd7 10. Bxb7 Nb6 11. Bxa8 Qxa8 12. Nc3 Bf5 13. Qd2 Rd8 14. b3 Ne4 15. Nxe4 Bxe5 16. Nc3 Rxd4 17. Qe1 Rxd1 18.
Nxd1 Bxa1 19. Ne3 cxb3 20. axb3 Be6 21. Qb4 Qc6 22. Ba3 Bf6 23. Qd2 Nd5 24. Nxd5 Qxd5 25. Qxd5 Bxd5 26. b4 Bc4 27. Kf1 Bc3 28. f3 f5 29. Kf2 Bd2 30. e3 Kf7 31. h3 Ke6 32. g4 Kd5 33. gxf5 gxf5 34. b5 axb5 35. Bxe7 b4 36.
Bd8 c5 37. Be7 b3 38. Bg5 Ke6 39. Bf4 b2 40. Kg3 b1=Q 41. h4 Qg1+ 42. Kh3 Bf1# 0-1

[Event "*** Titled Tuesday Blitz"]
[Site "Chess.com"]
[Date "2021.03.16"]
[Round "5"]
[White "FairChess_on_YouTube"]
[Black "youngKID"]
[Result "1-0"]
[WhiteElo "2979"]
[BlackElo "2787"]
[TimeControl "180+1"]
[EndTime "10:54:13 PDT"]
[Termination "FairChess_on_YouTube won on time"]

1. e4 e5 2. Nf3 Nc6 3. Nc3 Nf6 4. Bb5 Bb4 5. O-O O-O 6. d3 Bxc3 7. bxc3 d6 8. Nd2 Bd7 9. c4 a6 10. Bxc6 Bxc6 11. f4 b5 12. Bb2 Re8 13. Qf3 Rb8 14. Bc3 Qe7 15. Kh1 Nd7 16. Qh5 f6 17. Rf3 Nf8 18.
Raf1 bxc4 19. Nxc4 exf4 20. Rxf4 Rb5 21. Qh3 Ng6 22.
R4f2 d5 23. Ne3 Bd7 24. Nf5 Qf7 25. Qg3 dxe4 26. dxe4 Rxe4 27. Nxg7 Qxg7 28. Bxf6 Qh6 29. Qxc7 Re8 30. Qxd7 1-0

[Event "*** Titled Tuesday Blitz"]
[Site "Chess.com"]
[Date "2021.03.16"]
[Round "5"]
[White "1977Ivan"]
[Black "mbojan"]
[Result "0-1"]
[WhiteElo "2812"]
[BlackElo "2660"]
[TimeControl "180+1"]
[EndTime "10:54:14 PDT"]
[Termination "mbojan won by resignation"]

1. e4 g6 2. d4 Bg7 3. Nc3 d6 4. f4 a6 5. Nf3 b5 6. Bd3 Nd7 7. e5 c5 8. Be3 b4 9. Ne4 Qc7 10. exd6 exd6 11. dxc5 Nxc5 12. Bxc5 dxc5 13. Bc4 Nh6 14.
Nd6+ Ke7 15. Qe2+ Kxd6 16. O-O-O+ Kc6 17. Bd5+ Kb6 18. Bxa8 Qxf4+ 19. Kb1 Qf6 20. c3 Bf5+ 21. Be4 Re8 22. Nd2 bxc3 23. Nc4+ Ka7 24. Nd6 Rxe4 25. Nxe4 c2+ 26. Qxc2 Bxe4 27. Rd7+ Kb8 28. Rd8+ Kc7 0-1

[Event "*** Titled Tuesday Blitz"]
[Site "Chess.com"]
[Date "2021.03.16"]
[Round "5"]
[White "ariosp"]
[Black "djano"]
[Result "0-1"]
[WhiteElo "2213"]
[BlackElo "2501"]
[TimeControl "180+1"]
[EndTime "10:54:14 PDT"]
[Termination "djano won by resignation"]

1. e4 c5 2. Nf3 g6 3. d4 cxd4 4. Nxd4 Nc6 5. Nc3 Bg7 6. Be3 Nf6 7. Bc4 Qa5 8. O-O O-O 9. Bb3 d6 10. f3 Bd7 11. Qd2 Rfc8 12. Rad1 Ne5 13. Bh6 Bh8 14. Kh1 Nc4 15. Bxc4 Rxc4 16. Nde2 Rac8 17. Nd5 Qd8 18. Ne3 R4c5 19. c4 b5 20. cxb5 Bxb5 21. Rfe1 Qb6 22. Nc3 Rh5 23. Ned5 Nxd5 24. exd5 Bf6 25. g4 Re5 26.
Ne4 Bh8 27. f4 Rxe4 28. Rxe4 e6 29. dxe6 Bc6 30. exf7+ Kxf7 31. Re1 Qxb2 32. Kg1 Qxd2 0-1

[Event "*** Titled Tuesday Blitz"]
[Site "Chess.com"]
[Date "2021.03.16"]
[Round "5"]
[White "platy3"]
[Black "AlexPapasimakopoulos"]
[Result "1-0"]
[WhiteElo "2805"]
[BlackElo "2614"]
[TimeControl "180+1"]
[EndTime "10:54:15 PDT"]
[Termination "platy3 won by resignation"]

1. e4 e6 2. d4 d5 3. Nc3 Bb4 4. e5 b6 5. h4 Ba6 6. Bxa6 Nxa6 7. a3 Bf8 8. h5 h6 9. Nce2 Qd7 10. c3 c5 11. Nf3 Ne7 12. O-O Nb8 13. Ng3 Nec6 14. b4 Be7 15. Be3 cxd4 16. cxd4 O-O 17. Ne1 f5 18.
Nd3 Bh4 19. Ne2 Bg5 20. Rc1 Bxe3 21. fxe3 Ne7 22. Nef4 a5 23. b5 Rc8 24. Rxc8+ Qxc8 25. Qc1 Qd7 26. a4 Ra7 27. Qa3 Kf7 28. Rc1 Rc7 29. Rxc7 Qxc7 30. Qd6 Qxd6 31. exd6 Nc8 32. Ne5+ Ke8 33. Nxe6 Nxd6 34. Nc7+ Kd8 35. Nxd5 Nc8 36. Kf2 Nd7 37. Nc4 Ke8 38. Kf3 Kf7 39. e4 fxe4+ 40.
Kxe4 Ke6 41. Nf4+ Ke7 42. Kf5 Kf7 43. Ne5+ Nxe5 44. Kxe5 Ke7 45. Nd5+ Kd7 46. Kf5 Kd6 47. Ne3 Ne7+ 48. Ke4 Ke6 49. g4 Ng8 50. Nd5 Kd6 51. Nxb6 Nf6+ 52. Kf5 Ne8 53. Nc4+ Kd5 54. Nxa5 1-0

[Event "*** Titled Tuesday Blitz"]
[Site "Chess.com"]
[Date "2021.03.16"]
[Round "5"]
[White "ukchessbomber"]
[Black "anon132639"]
[Result "0-1"]
[WhiteElo "2518"]
[BlackElo "2754"]
[TimeControl "180+1"]
[EndTime "10:54:16 PDT"]
[Termination "anon132639 won on time"]

1. d4 Nf6 2. c4 g6 3. Nc3 Bg7 4. e4 O-O 5. Be2 d6 6. Be3 Nbd7 7. g4 c5 8. d5 Ne5 9. g5 Nh5 10. f4 Nd7 11. Bxh5 gxh5 12. Qxh5 b5 13. Nge2 Nb6 14. cxb5 a6 15. Ng3 axb5 16. Nf5 Bxf5 17. exf5 b4 18. Ne4 Nxd5 19. g6 h6 20. f6 Nxf6 21.
Nxf6+ exf6 22. f5 Qe7 23. Kf2 Qe5 24. Rhg1 Qxb2+ 25. Kf3 Ra3 26. Rae1 Qe5 27. gxf7+ Rxf7 28. Rg4 d5 29. Kf2 Rxa2+ 30. Kg1 d4 31. Bf2 Re2 32. Rxe2 Qxe2 33. h3 d3 34. Bxc5 d2 0-1

[Event "*** Titled Tuesday Blitz"]
[Site "Chess.com"]
[Date "2021.03.16"]
[Round "5"]
[White "FMalexhdez"]
[Black "Kurkusha"]
[Result "0-1"]
[WhiteElo "2191"]
[BlackElo "2345"]
[TimeControl "180+1"]
[EndTime "10:54:16 PDT"]
[Termination "Kurkusha won by resignation"]

1. e4 e5 2. Nf3 Nc6 3. Bc4 Bc5 4. c3 Nf6 5. d3 O-O 6. Nbd2 Bb6 7. O-O d6 8. Bb3 Ne7 9. Nc4 Ng6 10. Nxb6 axb6 11. Re1 Be6 12. d4 Qe7 13. d5 Bd7 14.
Bc2 Nh5 15. c4 Nhf4 16. g3 Nh5 17. Bg5 f6 18. Be3 Bg4 19. Kg2 Qd7 20. Bd3 f5 21. exf5 Bxf5 22. Ng5 Bxd3 23. Qxh5 h6 24. Ne6 Rf6 25.
f3 Bxc4 26. Rac1 b5 27. Red1 Rxa2 28. Rd2 Bxd5 29. Rxd5 Rxb2+ 30. Rd2 Rxd2+ 31. Bxd2 Rxe6 32. Qf5 c6 33. h4 Qf7 34. Qe4 d5 35. Qe3 e4 36. f4 Ne7 37. Bc3 Nf5 38. Qb6 Qg6 39. Be1 Nxh4+ 40. Kf2 e3+ 0-1

[Event "*** Titled Tuesday Blitz"]
[Site "Chess.com"]
[Date "2021.03.16"]
[Round "5"]
[White "Trickov"]
[Black "elohunter1999"]
[Result "1-0"]
[WhiteElo "2394"]
[BlackElo "2598"]
[TimeControl "180+1"]
[EndTime "10:54:17 PDT"]
[Termination "Trickov won by checkmate"]

1. d4 Nf6 2. Nf3 e6 3. g3 b6 4. Bg2 Bb7 5. O-O Be7 6. c4 O-O 7. Nc3 Ne4 8. d5 Nxc3 9. bxc3 Na6 10. Nd4 Nc5 11. Ba3 Qc8 12. Nb3 e5 13. Bxc5 Bxc5 14.
Nxc5 bxc5 15. d6 Bxg2 16. Kxg2 c6 17. Qa4 Qb8 18. Rfd1 Qb2 19. Qa5 Qxe2 20. Qxc5 e4 21. Re1 Qf3+ 22. Kg1 Qxc3 23. Rac1 Qb2 24. Rb1 Qxa2 25.
Rb7 Rad8 26. Rxe4 a5 27. Re7 Qa1+ 28. Kg2 f5 29. Rbxd7 Rxd7 30. Rxd7 f4 31. gxf4 Qd1 32. Qg5 Qd4 33. c5 h6 34. Qe5 Qxf4 35. Qxg7# 1-0

[Event "*** Titled Tuesday Blitz"]
[Site "Chess.com"]
[Date "2021.03.16"]
[Round "5"]
[White "cukin84"]
[Black "whogeeyao"]
[Result "1-0"]
[WhiteElo "2125"]
[BlackElo "2336"]
[TimeControl "180+1"]
[EndTime "10:54:17 PDT"]
[Termination "cukin84 won by resignation"]

1. e4 c5 2. Nc3 e6 3. f4 Nc6 4. Nf3 Qc7 5. d3 a6 6. g3 Nf6 7.
Bg2 b5 8. O-O Bb7 9. h3 Be7 10.
g4 h6 11. Qe1 d6 12. Ne2 Nb4 13. Qd2 Nd7 14. c3 Nc6 15. f5 Nce5 16. Nf4 exf5 17.
gxf5 Nxf3+ 18. Bxf3 Ne5 19. Bh5 Bg5 20. Qg2 Bxf4 21.
Bxf4 Nxd3 22. Bh2 O-O-O 23. Rad1 Ne5 24. a4 Qc6 25. axb5 axb5 26. Rd5 f6 27. Ra1 Rd7 28. Be2 Qb6 29. Bg3 Bxd5 30. exd5 Kc7 31. b4 cxb4+ 32. Bf2 Qb8 33. cxb4 Nc4 34. Ra7+ Qxa7 35. Bxa7 Ra8 36. Bxc4 bxc4 37. Bd4 Re7 38. Qf1 Kd7 39. Qxc4 Rc8 40. Qb5+ Kd8 41. Bb6+ 1-0

[Event "*** Titled Tuesday Blitz"]
[Site "Chess.com"]
[Date "2021.03.16"]
[Round "5"]
[White "Vandros57"]
[Black "Piacramling"]
[Result "0-1"]
[WhiteElo "2190"]
[BlackElo "2333"]
[TimeControl "180+1"]
[EndTime "10:54:19 PDT"]
[Termination "Piacramling won on time"]

1. d4 Nf6 2. Nf3 d5 3. c4 e6 4.
Nc3 dxc4 5. e3 a6 6. Bxc4 b5 7.
Bb3 c5 8. O-O Bb7 9. Qe2 Nbd7 10.
Rd1 Qb6 11. d5 exd5 12. Nxd5 Nxd5 13. Bxd5 Bxd5 14. Rxd5 Nf6 15. Re5+ Be7 16. e4 Ra7 17. Be3 O-O 18. Rc1 Rc7 19. h3 Bd6 20. Rf5 Nxe4 21. Bh6 Qb7 22. Ne5 Bxe5 23. Rxe5 Nf6 24. Rg5 Ne8 25.
Bxg7 Nxg7 26. Rxg7+ Kxg7 27. Rc3 f6 28. Rg3+ Kh8 29.
Qg4 Rg7 30. Qh4 Rxg3 31. fxg3 Qe7 0-1

[Event "*** Titled Tuesday Blitz"]
[Site "Chess.com"]
[Date "2021.03.16"]
[Round "5"]
[White "Aradhya2000"]
[Black "ellennilssen"]
[Result "1-0"]
[WhiteElo "2570"]
[BlackElo "2268"]
[TimeControl "180+1"]
[EndTime "10:54:21 PDT"]
[Termination "Aradhya2000 won by resignation"]

1. d4 d6 2. Nf3 Nf6 3. c4 g6 4.
Nc3 Bf5 5. h3 h5 6. d5 Bg7 7. Nd4 Bd7 8. e4 c5 9. Nc2 a6 10. a4 O-O 11. Be2 e6 12. Bf4 e5 13.
Bg5 Qc7 14. Qd2 Kh7 15. g4 h4 16. Bxh4 Kg8 17. Bg5 Nh7 18. Bh6 Bc8 19. h4 Qe7 20. O-O-O Nd7 21. Kb1 Rb8 22. Rdg1 Ndf6 23. Bxg7 Kxg7 24.
g5 Nh5 25. Bxh5 gxh5 26. f4 Bg4 27. f5 Kg8 28. Ne3 b5 29. axb5 axb5 30. cxb5 c4 31. Nxg4 hxg4 32. Rxg4 Rfc8 33. g6 Nf8 34. gxf7+ Kxf7 35. Qh6 Ke8 36. Rg7 Qd8 37. Qh5+ 1-0

[Event "*** Titled Tuesday Blitz"]
[Site "Chess.com"]
[Date "2021.03.16"]
[Round "5"]
[White "KuzubovYuriy"]
[Black "Storne89"]
[Result "1-0"]
[WhiteElo "2858"]
[BlackElo "2623"]
[TimeControl "180+1"]
[EndTime "10:54:22 PDT"]
[Termination "KuzubovYuriy won by resignation"]

1. d4 Nf6 2. Nf3 e6 3. c4 d5 4. Nc3 a6 5. cxd5 exd5 6. Bg5 Be6 7. e3 Nbd7 8. Qb3 Ra7 9. Qc2 Bd6 10. Bd3 h6 11.
Bf4 Qe7 12. O-O O-O 13. h3 Raa8 14. Rab1 c6 15. Rfe1 Rfe8 16. a3 Rac8 17. Ne2 a5 18. b4 axb4 19. Bxd6 Qxd6 20. axb4 b5 21. Ra1 Nb6 22. Qc5 Qxc5 23. dxc5 Nc4 24. Nfd4 Bd7 25. Nc3 Ra8 26. g4 g6 27. Kg2 h5 28. g5 Nh7 29. h4 Nf8 30. Nce2 Kg7 31. Bc2 Ne6 32.
Nxe6+ fxe6 33. Nf4 Ne5 34. f3 Reb8 35. Kg3 Bc8 36.
e4 d4 37. Red1 Rxa1 38. Rxa1 Nc4 39. Ra7+ Kg8 40. Nxg6 Ne3 41. Bb3 d3 42. Ne7+ Kf8 43. Nxc6 Rb7 44. Ra8 Rc7 45. Na7 Kg7 46. Nxc8 d2 47.
Nd6 Nc4 48. Kf2 1-0

[Event "*** Titled Tuesday Blitz"]
[Site "Chess.com"]
[Date "2021.03.16"]
[Round "5"]
[White "Shuvalov"]
[Black "Nemsko"]
[Result "1-0"]
[WhiteElo "2482"]
[BlackElo "2309"]
[TimeControl "180+1"]
[EndTime "10:54:22 PDT"]
[Termination "Shuvalov won by resignation"]

1. Nf3 d5 2. c4 d4 3. b4 e6 4. Bb2 c5 5. a3 Nf6 6. g3 Be7 7. Bg2 O-O 8. O-O Nc6 9. b5 Nb8 10. e3 d3 11. Qb3 Qd6 12. Ne5 Rd8 13. a4 Ne8 14. Ra3 Bf6 15. Nxd3 Nd7 16. Nf4 Ne5 17. d4 cxd4 18. Bxd4 Qc7 19. Rc1 Be7 20. Ra2 Ng6 21. Nxg6 hxg6 22. c5 Rb8 23. Rac2 e5 24. Bb2 Be6 25.
Qc3 f6 26. c6 b6 27. Ba3 Nd6 28. Nd2 Kf7 29. Bf1 Rh8 30. Bxd6 Bxd6 31. Bc4 Rbc8 32. Ne4 Bxc4 33. Qxc4+ Ke7 34. Rd1 Rcd8 35. Rcd2 Ba3 36. Rd7+ 1-0

[Event "*** Titled Tuesday Blitz"]
[Site "Chess.com"]
[Date "2021.03.16"]
[Round "5"]
[White "crazy_but_lazy"]
[Black "chesslh19"]
[Result "1-0"]
[WhiteElo "2462"]
[BlackElo "2250"]
[TimeControl "180+1"]
[EndTime "10:54:22 PDT"]
[Termination "crazy_but_lazy won on time"]

1. d4 Nf6 2. c4 e6 3. Nf3 d5 4. g3 Be7 5. Bg2 O-O 6. O-O dxc4 7.
Ne5 Nc6 8. Bxc6 bxc6 9. Nxc6 Qe8 10. Nxe7+ Qxe7 11. Qc2 c5 12. Qxc4 cxd4 13. Qxd4 e5 14. Qh4 Rb8 15. Nc3 Rb4 16. e4 Bb7 17. f3 Qc5+ 18.
Rf2 Rd8 19. Bg5 Rxb2 20. g4 Rxf2 21. Qxf2 Qxc3 22. Rc1 Qd4 23. Be3 Qa4 24. g5 Rd1+ 25. Kg2 Rxc1 26. Bxc1 Nh5 27. Qb2 Qd7 28. Qxe5 g6 29.
Bb2 Kf8 30. Ba3+ Kg8 31. Bb2 Kf8 32. Qb8+ Bc8 33. Qe5 Qh3+ 34. Kg1 Qe6 35. Ba3+ Ke8 36. Qc5 1-0

[Event "*** Titled Tuesday Blitz"]
[Site "Chess.com"]
[Date "2021.03.16"]
[Round "5"]
[White "HackingKid98"]
[Black "Buffy7"]
[Result "0-1"]
[WhiteElo "2448"]
[BlackElo "2629"]
[TimeControl "180+1"]
[EndTime "10:54:24 PDT"]
[Termination "Buffy7 won on time"]

1. d4 Nf6 2. c4 g6 3. g3 Bg7 4. Bg2 O-O 5. Nf3 d6 6. O-O Nc6 7. Nc3 a6 8. b3 Bd7 9. d5 Na7 10. Bg5 c6 11. dxc6 bxc6 12. Qd2 Re8 13. Rad1 Qc7 14.
Bf4 Qb7 15. Ng5 Rad8 16. h4 Bc8 17. Nge4 Nxe4 18. Nxe4 Bf5 19. h5 d5 20. Nc5 Qb6 21. Na4 Qb7 22. Nc5 Qc8 23. Qa5 e5 24. Bg5 f6 25.
Bc1 d4 26. Qxa6 Qxa6 27. Nxa6 Bf8 28. hxg6 hxg6 29. c5 Re7 30. Nb4 Rc7 31. Nd3 Nb5 32. Bb2 g5 33. a4 Nc3 34. Bxc3 dxc3 35. Rc1 Bxd3 36. exd3 Rxd3 37. Be4 Rd4 38. Rfe1 Bxc5 39. Rxc3 Bb6 40. Bxc6 Kg7 41. Rec1 Rd2 42. R3c2 Bxf2+ 43. Kg2 Be3+ 44. Rxd2 Bxd2 45. Rc2 Ba5 46. Kf3 f5 47. g4 e4+ 48. Ke2 Kf6 49. gxf5 Kxf5 50. b4 Rh7 0-1

[Event "*** Titled Tuesday Blitz"]
[Site "Chess.com"]
[Date "2021.03.16"]
[Round "5"]
[White "Problematique_99"]
[Black "vinniethepooh"]
[Result "0-1"]
[WhiteElo "2475"]
[BlackElo "2698"]
[TimeControl "180+1"]
[EndTime "10:54:25 PDT"]
[Termination "vinniethepooh won by resignation"]

1. e4 c5 2. Nc3 d6 3. f4 Nc6 4. Nf3 g6 5. Bb5 Bd7 6. O-O Bg7 7. d3 e6 8. Bxc6 Bxc6 9. Qe1 Qd7 10. f5 O-O-O 11.
fxe6 fxe6 12. Bg5 Rf8 13. Qg3 Nf6 14. Qh3 h6 15. Bxf6 Bxf6 16. e5 Bxe5 17. Nxe5 dxe5 18. Kh1 Rf5 19. Ne4 Rhf8 20. Rfe1 Qd4 21. Qxh6 Bxe4 22. dxe4 R5f6 23. c3 Qf2 24. h3 Qxb2 25. Qe3 Qf2 26. Qg5 Qf4 27. Qxf4 exf4 28. e5 Rf5 29. Re4 f3 30. g4 R5f7 31. Kg1 f2+ 32. Kf1 Rf3 33. Re2 Rxh3 34. Kg2 Rxc3 35. Rf1 Rc4 36. Kg3 Rcf4 0-1

[Event "*** Titled Tuesday Blitz"]
[Site "Chess.com"]
[Date "2021.03.16"]
[Round "5"]
[White "Tactickl"]
[Black "NiranjanNavalgund"]
[Result "0-1"]
[WhiteElo "2768"]
[BlackElo "2529"]
[TimeControl "180+1"]
[EndTime "10:54:26 PDT"]
[Termination "NiranjanNavalgund won by resignation"]

1. d4 Nf6 2. Bf4 d5 3. e3 e6 4.
Nd2 Bd6 5. Bg3 c5 6. c3 Qc7 7. Ngf3 Nbd7 8. Bb5 O-O 9. Bxd7 Nxd7 10. e4 cxd4 11.
Nxd4 a6 12. exd5 exd5 13. O-O Nf6 14. Re1 Bg4 15. Qc2 Rfe8 16. Nf5 Bxg3 17. hxg3 Re5 18.
Ne3 Rae8 19. Nb3 Bh5 20. Nd4 Bg6 21. Qb3 h5 22. Rad1 h4 23. Nf3 hxg3 24. Nxe5 gxf2+ 25. Kxf2 Rxe5 26. Qb4 Ne4+ 27. Kf1 Rh5 28. Nxd5 Rh1+ 29.
Ke2 Bh5+ 30. Ke3 Qg3+ 31. Kd4 Rxe1 32. Rxe1 Qxe1 33. Qe7 Bg6 34. Qe8+ Kh7 35. Ne7 Qd2+ 36. Kc4 Nd6+ 37. Kb3 Nxe8 0-1